 Dungeon Crawl Stone Soup version 0.30.1-11-g7821555f0a (webtiles) character file.

Game seed: 7552847012838283383

3567 Ijustatesigmund the Fighter (level 10, -1/66 HPs)
             Began as a Gargoyle Fighter on Nov 2, 2023.
             Slain by a manticore (4 damage)
             ... on level 6 of the Dungeon.
             The game lasted 00:14:20 (8419 turns).

Ijustatesigmund the Fighter (Gargoyle Fighter)      Turns: 8419, Time: 00:14:20

Health: -1/66      AC: 19    Str: 18    XL:     10   Next: 9%
Magic:  10/10      EV: 11    Int: 11    God:
Gold:   316        SH:  6    Dex: 15    Spells: 9/9 levels left

rFire   . . .        a - +1 flail
rCold   + . .        c - +1 buckler
rNeg    + . .        b - +0 swamp dragon scales
rPois   ∞            t - +1 helmet
rElec   +            (no cloak)
rCorr   .            (no gloves)
SInv    .            (no boots)
Will    .....        (no amulet)
Stlth   +            s - +6 ring of dexterity
HPRegen 0.31/turn    (no ring)
MPRegen 0.12/turn

%: no passive effects
@: invisible
A: sickness immunity, AC +7, negative energy resistance 1, electricity
resistance, torment resistance 1, petrification resistance, cold resistance 1,
dopey 1, weak 1, evolution 1
a: no special abilities


You were on level 6 of the Dungeon.
You visited 1 branch of the dungeon, and saw 6 of its levels.
You also visited: Sewer.

You collected 316 gold pieces.

Inventory:

Hand Weapons
 a - a +1 flail (weapon)
 m - a +3 dire flail
 v - a +3 broad axe of venom
Armour
 b - +0 swamp dragon scales (worn)
 c - a +1 buckler (worn)
 t - a +1 helmet (worn)
Jewellery
 i - a ring of fire
 s - a +6 ring of dexterity (left hand)
Wands
 h - a wand of mindburst (14)
 q - a wand of polymorph (3)
Scrolls
 e - a scroll of magic mapping
 f - 3 scrolls of amnesia
 r - 2 scrolls of enchant weapon
 u - a scroll of fog
Potions
 o - a potion of cancellation {unknown}
 p - a potion of flight {unknown}
 x - a potion of attraction {unknown}


   Skills:
 + Level 9.0 Fighting
 + Level 7.9 Maces & Flails
 - Level 7.8 Armour
 - Level 2.6 Dodging
 - Level 4.4 Shields
 - Level 4.0 Evocations


You had 9 spell levels left.
You didn't know any spells.
Your spell library contained the following spells:

 Spells                   Type           Power      Damage    Failure   Level
 Apportation              Tloc           0%         N/A       58%         1
 Sandblast                Erth           0%         2d4       58%         1
 Passwall                 Tmut/Erth      0%         N/A       73%         2
 Inner Flame              Hex/Fire       0%         N/A       91%         3
 Stone Arrow              Conj/Erth      0%         3d7       91%         3
 Vhi's Electric Charge    Tloc/Air       0%         N/A       91%         3
 Flame Wave               Conj/Fire      0%         2d4       100%        4
 Sticky Flame             Conj/Fire      0%         2d3       100%        4
 Alistair's Intoxication  Tmut/Pois      0%         N/A       100%        5
 Arcjolt                  Conj/Air       0%         1d10      100%        5
 Maxwell's Capacitive Co  Air            0%         ∞         100%        8


Dungeon Overview and Level Annotations

Branches:
Dungeon (6/15)             Temple (0/1) D:5           Sewer (visited)

Altars:
Dithmenos
Makhleb
Uskayaw
Yredelemnul


Innate Abilities, Weirdness & Mutations

You are immune to sickness and miasma.
Your stone body is resilient. (AC +7)
You are immune to poison.
You resist negative energy. (rN+)
You are resistant to electric shocks. (rElec)
You are resistant to unholy torment.
You are immune to petrification.
Your flesh is cold resistant. (rC+)
You are dopey. (Int -2)
You are weak. (Str -2)
You have hidden genetic potential.


Message History

The manticore bites you but does no damage.
The manticore claws you but does no damage.
You block the manticore's attack.
You hit the manticore.
The manticore is moderately wounded.
You carefully extract the barbed spikes from your body.
You block the manticore's attack. x2
The manticore claws you but does no damage.
You hit the manticore.
The manticore is heavily wounded.
The manticore bites you.
* * * LOW HITPOINT WARNING * * *
The manticore claws you.
* * * LOW HITPOINT WARNING * * *
The manticore closely misses you. The manticore barely misses you.
The manticore claws you.
* * * LOW HITPOINT WARNING * * *
The manticore claws you but does no damage.
You feel better. The manticore bites you!
* * * LOW HITPOINT WARNING * * *
The manticore barely misses you.
The manticore claws you but does no damage.
It was a potion of invisibility.
You fade into invisibility!
The manticore barely misses you.
The manticore claws you but does no damage.
The manticore closely misses you.
Okay, then.
You sock the manticore!
The manticore is severely wounded.
The manticore barely misses you. The manticore closely misses you.
The manticore claws you.
* * * LOW HITPOINT WARNING * * *
You hit the manticore.
The manticore is severely wounded.
The manticore barely misses you. You block the manticore's attack. x2
You hit the manticore.
The manticore is almost dead.
The manticore bites you.
You die...

##.##..#......###.....##.......
#..#...###.....#.....######....
###.....####.........# ###.#
#......####........## ##.#
##......#...........## ###..#
###.................###....#
### ####.......#.............#
#.# ##....H####............
##.# #....@# ##......<...[
##.†### ##....# #.....#.....
#..#.[#### #...## ##..###.)....
#.####...####...####...#
#...... ###
###.......)#......###....#.
#................#.......
##.........#####..........
#.....##.### ##.........
##...####.## ##.....#..


You could see a manticore (unable to see you).

Vanquished Creatures
  A two-headed ogre (D:6)
  Pikel (D:4)
  Maggie (D:6)
  The ghost of SacredBeard the Shooter, a novice DEHs of Hepliaklqana (D:5)
  Sigmund (D:2)
  A yak (D:6)
  Menkaure (D:5)
  A black bear (D:6)
  3 ogres
  2 centaurs
  2 bullfrogs (Sewer)
  8 wights
  A howler monkey (D:4)
  A jelly (D:6)
  3 quasits (D:5)
  An iguana (D:5)
  A sleepcap (D:3)
  Ijyb (D:4)
  3 orc wizards
  Robin (D:2)
  10 adders
  6 gnolls (D:4)
  2 worms (D:5)
  A dart slug (D:1)
  7 orcs
  11 ball pythons
  5 endoplasms
  15 giant cockroaches
  9 hobgoblins
  6 quokkas
  5 bats
  16 frilled lizards
  15 goblins
  9 kobolds
  9 rats
161 creatures vanquished.

Notes
Turn   | Place    | Note
-------+----------+-------------------------------------------
     0 | D:1      | Ijustatesigmund the Gargoyle Fighter began the quest for
                  | the Orb.
     0 | D:1      | Reached XP level 1. HP: 14/14 MP: 1/1
   423 | D:1      | Reached XP level 2. HP: 19/19 MP: 2/2
   747 | D:1      | Reached XP level 3. HP: 22/23 MP: 3/3
  1032 | D:2      | Found a faded altar of an unknown god.
  1035 | D:2      | Noticed Sigmund
  1069 | D:2      | HP: 1/24 [something (9)]
  1074 | D:2      | Killed Sigmund
  1075 | D:2      | Reached skill level 4 in Fighting
  1075 | D:2      | Reached XP level 4. HP: 16/30 MP: 4/4
  1075 | D:2      | Reached XP level 5. HP: 18/34 MP: 5/5
  1609 | D:2      | Noticed Robin
  1615 | D:2      | Killed Robin
  1618 | D:2      | Reached XP level 6. HP: 39/39 MP: 6/6
  1844 | D:3      | Reached skill level 1 in Evocations
  2833 | D:4      | Reached skill level 5 in Fighting
  2860 | D:4      | Reached skill level 5 in Armour
  3145 | D:4      | Reached XP level 7. HP: 41/44 MP: 7/7
  3249 | D:4      | Noticed Pikel
  3258 | D:4      | HP: 2/44 [Pikel/+1 whip of freezing (3)]
  3271 | D:4      | Killed Pikel
  3272 | D:4      | Reached XP level 8. HP: 9/51 MP: 8/8
  3496 | D:4      | Noticed Ijyb
  3507 | D:4      | Killed Ijyb
  3517 | D:4      | Reached skill level 6 in Fighting
  3713 | D:5      | Entered Level 5 of the Dungeon
  3817 | D:5      | Reached skill level 5 in Maces & Flails
  3985 | D:5      | Found a staircase to the Ecumenical Temple.
  4208 | D:5      | Found a transporter.
  4384 | D:5      | Found a glowing drain.
  4393 | Sewer    | Entered a sewer
  5045 | D:5      | Noticed SacredBeard's ghost (novice DEHs)
  5101 | D:5      | Found a transporter.
  5224 | D:5      | Noticed Menkaure
  5232 | D:5      | Killed Menkaure
  5475 | D:6      | Found a basalt altar of Yredelemnul.
  5655 | D:6      | Reached XP level 9. HP: 56/56 MP: 9/9
  5754 | D:5      | Reached skill level 7 in Fighting
  5763 | D:5      | Reached skill level 1 in Dodging
  5765 | D:5      | Killed SacredBeard's ghost
  6385 | D:6      | Noticed Maggie
  6390 | D:6      | Killed Maggie
  6787 | D:6      | Found a hide-covered altar of Uskayaw.
  7723 | D:6      | Found a shadowy altar of Dithmenos.
  7723 | D:6      | Found a burning altar of Makhleb.
  7839 | D:6      | Noticed a two-headed ogre
  7849 | D:6      | HP: 2/59 [two-headed ogre/+0 giant spiked club (13)]
  7852 | D:6      | Killed a two-headed ogre
  7853 | D:6      | Reached skill level 8 in Fighting
  7853 | D:6      | Reached XP level 10. HP: 38/65 MP: 10/10
  8157 | D:6      | Reached skill level 9 in Fighting
  8403 | D:6      | Noticed a manticore
  8412 | D:6      | Gained mutation: Your flesh is cold resistant. (rC+)
                  | [potion of mutation]
  8412 | D:6      | Gained mutation: You are dopey. (Int -2) [potion of
                  | mutation]
  8412 | D:6      | Gained mutation: You are weak. (Str -2) [potion of
                  | mutation]
  8412 | D:6      | Gained mutation: You have hidden genetic potential. [potion
                  | of mutation]
  8414 | D:6      | HP: 3/66 [manticore (6)]
  8419 | D:6      | Slain by a manticore

Illustrated notes

Levels and vault maps discovered:
D:1:      evilmike_arrival_rings, layout_loops_corners
D:2:      layout_loops_ring, nicolae_ecumenical_pavilion, serial_bayou_pond_d,
          uniq_robin, uniq_sigmund
D:3:      layout_loops_ring, serial_forest, infiniplex_forest_clump_diagonal,
          infiniplex_forest_lined_2, infiniplex_forest_lined_2,
          infiniplex_forest_end_1, infiniplex_forest_straight_2,
          infiniplex_forest_clump_cross, infiniplex_forest_clump_diagonal,
          infiniplex_forest_straight_2, infiniplex_forest_end_2
D:4:      layout_rooms, uniq_ijyb, uniq_pikel
D:5:      layout_loops_ring, temple_pool_b, cheibrodos_sewer_entry_sluice,
          gammafunk_ghost_stat_death, minmay_misc_feat_secret_circle,
          minmay_misc_feat_ornament, due_unseen_surprise, uniq_menkaure
D:6:      layout_layer_cave, mainiacjoe_overflow_boulevard,
          gammafunk_temple_overflow_statue, eat_drink_and_be_merry_uskayaw,
          hangedman_minor_gate_pass, uniq_maggie

Skill      XL: |  1  2  3  4  5  6  7  8  9 10 |
---------------+-------------------------------+-----
Fighting       | 4 5 6 8 9 |  9.0
Maces & Flails | 3 4 5 7 |  7.9
Armour         | 4 5 6 7 |  7.8
Shields        | 4 |  4.4
Evocations     | 1 2 4 |  4.0
Dodging        | 2 |  2.6

Action                     |  1- 3 |  4- 6 |  7- 9 | 10-12 || total
---------------------------+-------+-------+-------+-------++-------
  Melee: Flail             |    87 |   240 |   278 |    43 ||   648
  Evoke: Wand              |       |     3 |    24 |     2 ||    29
    Use: Potion            |     6 |       |     5 |     6 ||    17
         Scroll            |       |       |    14 |       ||    14
 Armour: Scale mail        |    48 |   119 |   201 |       ||   368
         Swamp dragon scal |       |       |    25 |    27 ||    52
  Dodge: Dodged            |    35 |    91 |   185 |    21 ||   332
  Block: Buckler           |    20 |    32 |   117 |    20 ||   189
